 Dungeon Crawl Stone Soup version 0.21.1-1-g345015f (webtiles) character file.

121 prawnwizard the Magician (level 5, -6/37 HPs)
             Began as a Gnoll Wizard on July 1, 2018.
             Mangled by a gnoll
             ... wielding a cursed +0 spear
              (8 damage)
             ... on level 1 of the Dungeon.
             The game lasted 00:08:16 (1523 turns).

prawnwizard the Magician (Gnoll Wizard)             Turns: 1523, Time: 00:08:16

Health: -6/37      AC:  3    Str:  9    XL:     5   Next: 5%
Magic:  3/14       EV: 14    Int: 22    God:
Gold:   82         SH:  0    Dex: 13    Spells: 13/18 levels left

rFire    . . .     SeeInvis .   f - +0 dagger (venom)
rCold    . . .     Gourm    .   (no shield)
rNeg     . . .     Faith    .   a - +0 robe
rPois    .         Spirit   .   b - +0 hat
rElec    .         Reflect  .   (no cloak)
rCorr    .         Harm     .   g - +0 pair of gloves
MR       .....                  (no boots)
Stlth    ++........             (no amulet)
HPRegen  0.12/turn              e - ring of loudness (curse)
MPRegen  0.14/turn              (no ring)

@: no status effects
A: distributed training, fangs 1, strong nose
a: no special abilities


You were on level 1 of the Dungeon.
You were hungry.

You visited 1 branch of the dungeon, and saw 2 of its levels.

You collected 82 gold pieces.

Inventory:

Hand Weapons
 f - a +0 dagger of venom (weapon)
Armour
 a - a +0 robe (worn)
 b - a +0 hat (worn)
 g - a +0 pair of gloves (worn)
Jewellery
 e - a cursed ring of loudness (left hand)
Scrolls
 h - a scroll of identify {unknown}
 k - a scroll of fear {unknown}
 m - a scroll of immolation {unknown}
 n - a scroll of random uselessness {unknown}
Potions
 i - a potion of heal wounds {unknown}
 j - a potion of haste
Books
 c - a book of Minor Magic

   Spells                             Type                      Level
   a - Magic Dart                     Conjuration                  1
   b - Blink                          Translocation                2
   c - Call Imp                       Summoning                    2
   d - Slow                           Hexes                        2
   e - Conjure Flame                  Conjuration/Fire             3
   f - Mephitic Cloud                 Conjuration/Poison/Air       3
Comestibles
 d - 3 rations
 l - 2 chunks of flesh


   Skills:
 + Level 1.3 Fighting
 + Level 1.3 Short Blades
 + Level 1.3 Long Blades
 + Level 1.3 Axes
 + Level 1.3 Maces & Flails
 + Level 1.3 Polearms
 + Level 1.3 Staves
 + Level 1.3 Slings
 + Level 1.3 Bows
 + Level 1.3 Crossbows
 + Level 1.3 Throwing
 + Level 1.3 Armour
 + Level 4.7 Dodging
 + Level 4.3 Stealth
 + Level 1.3 Shields
 + Level 1.3 Unarmed Combat
 + Level 7.2 Spellcasting
 + Level 2.3 Conjurations
 + Level 1.0 Hexes
 + Level 1.0 Charms
 + Level 2.3 Summonings
 + Level 1.0 Necromancy
 + Level 2.3 Translocations
 + Level 1.0 Transmutations
 + Level 1.0 Fire Magic
 + Level 1.0 Ice Magic
 + Level 1.0 Air Magic
 + Level 1.0 Earth Magic
 + Level 1.0 Poison Magic
 + Level 1.4 Invocations
 + Level 1.3 Evocations


You had 13 spell levels left.
You knew the following spells:

 Your Spells              Type           Power        Failure   Level  Hunger
a - Magic Dart            Conj           ###.         3%          1    None
b - Blink                 Tloc           N/A          4%          2    None
c - Call Imp              Summ           ###.....     4%          2    None


Dungeon Overview and Level Annotations

Branches:
Dungeon (2/15)

Altars:


Innate Abilities, Weirdness & Mutations

Your experience applies equally to all skills.
You have very sharp teeth.
Your uncanny sense of smell can sniff out nearby items.


Message History

The gnoll hits you from afar with a spear.
* * * LOW HITPOINT WARNING * * *
Your crimson imp hits the gnoll.
Casting: Call Imp
Confirm with . or Enter, or press ? or * to list all spells.
Aiming: Magic Dart
Press: ? - help, Shift-Dir - straight line, f - gnoll
Aim: a gnoll, wielding a spear (moderately wounded)
The magic dart hits the gnoll.
The gnoll is moderately wounded.
The gnoll misses you.
Your crimson imp hits the gnoll.
Casting: Magic Dart
Confirm with . or Enter, or press ? or * to list all spells.
Aiming: Magic Dart
Press: ? - help, Shift-Dir - straight line, f/p - gnoll
Aim: a gnoll, wielding a spear (heavily wounded)
The magic dart hits the gnoll.
The gnoll is almost dead.
The gnoll hits you from afar with a spear!
You die...

..........................#......
....................##...........
####.#.............##....########
.....##.......)....#..#.####
...>.#######...............#
.).........####.#.#........#
####..####........g5.......#
...##......................#
##......#...##..@..........#
.##.....#...##.......#######
................######
##......######### ##.....#
#.....# #.....# #######


You could see a gnoll and a friendly crimson imp.

Vanquished Creatures
  Natasha (twice) (D:2)
  2 gnolls
  2 adders
  An ooze (D:1)
  2 dart slugs
  2 leopard geckos
  2 giant cockroaches (D:2)
  5 hobgoblins
  2 jackals (D:1)
  5 kobolds
  6 bats
  2 frilled lizards
  5 rats
38 creatures vanquished.

Notes
Turn   | Place    | Note
-------+----------+-------------------------------------------
     0 | D:1      | prawnwizard the Gnoll Wizard began the quest for the Orb.
     0 | D:1      | Reached XP level 1. HP: 13/13 MP: 8/8
   148 | D:1      | Reached XP level 2. HP: 19/19 MP: 3/10
   254 | D:1      | Learned a level 2 spell: Blink
   293 | D:1      | Learned a level 2 spell: Call Imp
   480 | D:1      | Reached XP level 3. HP: 25/25 MP: 4/11
   732 | D:2      | Noticed Natasha
   753 | D:1      | Reached skill level 1 in Invocations
   893 | D:2      | Killed Natasha
   893 | D:2      | Reached skill level 1 in Fighting
   893 | D:2      | Reached skill level 1 in Short Blades
   893 | D:2      | Reached skill level 1 in Long Blades
   893 | D:2      | Reached skill level 1 in Axes
   893 | D:2      | Reached skill level 1 in Maces & Flails
   893 | D:2      | Reached skill level 1 in Polearms
   893 | D:2      | Reached skill level 1 in Staves
   893 | D:2      | Reached skill level 1 in Slings
   893 | D:2      | Reached skill level 1 in Bows
   893 | D:2      | Reached skill level 1 in Crossbows
   893 | D:2      | Reached skill level 1 in Throwing
   893 | D:2      | Reached skill level 1 in Armour
   893 | D:2      | Reached skill level 1 in Shields
   893 | D:2      | Reached skill level 1 in Unarmed Combat
   893 | D:2      | Reached skill level 1 in Evocations
   893 | D:2      | Reached XP level 4. HP: 18/32 MP: 4/13
  1414 | D:1      | HP: 1/32 [gnoll (7)]
  1479 | D:2      | Reached skill level 1 in Hexes
  1479 | D:2      | Reached skill level 1 in Charms
  1479 | D:2      | Reached skill level 1 in Necromancy
  1479 | D:2      | Reached skill level 1 in Transmutations
  1479 | D:2      | Reached skill level 1 in Fire Magic
  1479 | D:2      | Reached skill level 1 in Ice Magic
  1479 | D:2      | Reached skill level 1 in Air Magic
  1479 | D:2      | Reached skill level 1 in Earth Magic
  1479 | D:2      | Reached skill level 1 in Poison Magic
  1483 | D:2      | Noticed Natasha
  1488 | D:2      | Killed Natasha
  1488 | D:2      | Reached XP level 5. HP: 8/37 MP: 6/14
  1521 | D:1      | HP: 1/37 [gnoll/spear (5)]
  1523 | D:1      | Mangled by a gnoll

Skill      XL: |  1  2  3  4 |
---------------+-------------+-----
Conjurations   | 2 |  2.3
Summonings     | 2 |  2.3
Translocations | 2 |  2.3
Invocations    | 1 |  1.4
Fighting       | 1 |  1.3
Short Blades   | 1 |  1.3
Long Blades    | 1 |  1.3
Axes           | 1 |  1.3
Maces & Flails | 1 |  1.3
Polearms       | 1 |  1.3
Staves         | 1 |  1.3
Slings         | 1 |  1.3
Bows           | 1 |  1.3
Crossbows      | 1 |  1.3
Throwing       | 1 |  1.3
Armour         | 1 |  1.3
Shields        | 1 |  1.3
Unarmed Combat | 1 |  1.3
Evocations     | 1 |  1.3
Hexes          | 1 |  1.0
Charms         | 1 |  1.0
Necromancy     | 1 |  1.0
Transmutations | 1 |  1.0
Fire Magic     | 1 |  1.0
Ice Magic      | 1 |  1.0
Air Magic      | 1 |  1.0
Earth Magic    | 1 |  1.0
Poison Magic   | 1 |  1.0
Dodging        | |  4.7
Stealth        | |  4.3
Spellcasting   | |  7.2

Action                   |  1- 3 |  4- 6 || total
-------------------------+-------+-------++-------
Melee: Dagger            |     2 |     1 ||     3
 Cast: Magic Dart        |    71 |    48 ||   119
       Call Imp          |     2 |     2 ||     4
  Eat: Chunk             |       |     1 ||     1
Armor: Robe              |     6 |    13 ||    19
Dodge: Dodged            |    22 |    39 ||    61
